 Dungeon Crawl Stone Soup version 0.31-a0-214-gb37851dbb3 (webtiles) character file.

Game seed: 7378276654339362897

353 qw the Chopper (level 6, -4/39 HPs)
             Began as a Gargoyle Fighter on July 1, 2023.
             Killed by divine providence
             ... invoked by an orc priest
              (15 damage)
             ... on level 4 of the Dungeon.
             The game lasted 00:01:30 (3450 turns).

qw the Chopper (Gargoyle Fighter)                   Turns: 3450, Time: 00:01:31

Health: -4/39      AC: 18    Str: 22    XL:     6   Next: 62%
Magic:  6/6        EV: 10    Int:  8    God:
Gold:   136        SH:  4    Dex:  9    Spells: 5/5 levels left

rFire   . . .        Y - +0 war axe (venom)
rCold   . . .        c - +0 buckler
rNeg    + . .        l - +5 ring mail of Joy {SInv}
rPois   inf          n - +0 helmet
rElec   +            q - scarf {repulsion}
rCorr   +            i - +0 pair of gloves
SInv    +            f - +0 pair of boots
Will    .....        (no amulet) Stlth
                     e - ring of resist corrosion
HPRegen 0.26/turn    (no ring)
MPRegen 0.10/turn

%: repel missiles
@: no status effects
A: sickness immunity, AC +4, negative energy resistance 1, electricity
resistance, torment resistance 1, petrification resistance
a: no special abilities


You were on level 4 of the Dungeon.
You visited 1 branch of the dungeon, and saw 5 of its levels.

You collected 232 gold pieces.
You spent 96 gold pieces at shops.


Innate Abilities, Weirdness & Mutations

You are immune to sickness and miasma.
Your stone body is resilient. (AC +4)
You are immune to poison.
You resist negative energy. (rN+)
You are resistant to electric shocks. (rElec)
You are resistant to unholy torment.
You are immune to petrification.


   Skills:
 - Level 4.7 Fighting
 + Level 5.0 Axes
 - Level 1.3 Throwing
 - Level 3.2 Armour
 - Level 1.0 Dodging
 - Level 3.2 Shields


You had 5 spell levels left.
You didn't know any spells.
Your spell library was empty.

Inventory:

Hand Weapons
 u - a +0 morningstar
 Y - a +0 war axe of venom (weapon)
Missiles
 t - 6 javelins (quivered)
Armour
 c - a +0 buckler (worn)
 f - a +0 pair of boots (worn)
 g - a +0 chain mail
 i - a +0 pair of gloves (worn)
 l - the +5 ring mail of Joy (worn) {SInv}
   (You found it on level 2 of the Dungeon)

   SInv:      It lets you see invisible.
 n - a +0 helmet (worn)
 o - a +2 scale mail of cold resistance
 q - a scarf of repulsion (worn)
Jewellery
 e - a ring of resist corrosion (left hand)
 s - a ring of resist corrosion
Scrolls
 h - 5 scrolls of identify
Potions
 a - 3 potions of invisibility {unknown}
 d - a potion of might
 j - a potion of cancellation
 k - a potion of lignification
 m - a potion of heal wounds
 p - a potion of haste
 r - a potion of berserk rage {unknown}

Dungeon Overview and Level Annotations

Branches:
Dungeon (5/15)
 Temple: D:4-7

Altars:

Shops:
D:4 (


Message History

The orc closely misses you.
You closely miss the orc. The orc misses you.
The orc hits you but does no damage.
You closely miss the orc. The orc barely misses you.
You barely miss the orc. The orc hits you with a +0 short sword.
You hit the orc.
The orc is poisoned.
The orc is heavily wounded.
The orc hits you but does no damage.
An adder comes into view.
The adder hisses angrily.
You hit the orc.
The orc is almost dead.
You kill the orc!
The adder bites you but does no damage.
You barely miss the adder. You block the adder's attack.
The adder bites you but does no damage.
You barely miss the adder. The adder bites you but does no damage.
You barely miss the adder. The adder bites you but does no damage.
The adder barely misses you.
You miss the adder. The adder bites you but does no damage.
You block the adder's attack.
You closely miss the adder. The adder barely misses you.
You slash the adder!
You kill the adder!
The hound bites you but does no damage.
You barely miss the hound. The hound bites you. You block the hound's attack.
You hit the hound.
The hound is poisoned.
The hound is lightly wounded.
The hound completely misses you. The hound bites you but does no damage.
You barely miss the hound.
The hound is moderately wounded.
The hound closely misses you.
The orc priest calls down the wrath of Beogh upon you.
Beogh smites you!
You die...

..#.## ### #.#
###...## ##### ^.#
#.# #...# #.# ##.##
#.(#.. #.# ##...##
#.###.
###.###.###.###..#..
#......## ##.......#
#.#.##.# #.###..## #
#.##.## ##.#
#@###.###.## #h#
##...##


)oK ##.## ...#. #.# .(###.# #.# ### # #.# #.# #.# #.. You could see a hound
(very poisoned), an orc priest and a kobold.

Vanquished Creatures
  Menkaure (D:4)
  A hound (D:5)
  A jelly (D:4)
  2 sleepcaps
  5 adders
  An ufetubus (D:4)
  3 worms
  A dart slug (D:3)
  4 orcs (D:4)
  5 ball pythons
  8 endoplasms
  4 giant cockroaches
  8 goblins
  4 hobgoblins
  6 jackals
  2 quokkas
  2 frilled lizards (D:2)
  5 kobolds
  4 rats
67 creatures vanquished.

Notes
Turn   | Place    | Note
-------+----------+-------------------------------------------
     0 | D:1      | qw the Gargoyle Fighter began the quest for the Orb.
     0 | D:1      | Reached XP level 1. HP: 14/14 MP: 1/1
     0 | D:1      | 0 ||| qw: Version: 0.3-a-32-g5962c71
     0 | D:1      | 0 ||| qw: Game counter: 7654
     0 | D:1      | 0 ||| qw: Melee chars always use a shield: true
     0 | D:1      | 0 ||| qw: God list: Okawaru
     0 | D:1      | 0 ||| qw: Allow faded altars: false
     0 | D:1      | 0 ||| qw: Do Orc after clearing Dungeon:15 true
     0 | D:1      | 0 ||| qw: Do second Lair branch before Depths: true
     0 | D:1      | 0 ||| qw: Lair rune preference: random
     0 | D:1      | 0 ||| qw: Goals: Normal, Zot:1-4, Slime:5, God:TSO, Crypt,
                  | Tomb, Abyss, Pan, Hells, Win
     0 | D:1      | 0 ||| PLANNING D:1-11
    96 | D:1      | Reached skill level 2 in Axes
   144 | D:1      | Reached XP level 2. HP: 19/19 MP: 2/2
   375 | D:1      | 375 ||| DROPPING +0 club.
   407 | D:1      | 407 ||| Stepping ~*~*~tactically~*~*~ (hiding).
   470 | D:1      | Found a faded altar of an unknown god.
   759 | D:1      | Reached skill level 3 in Axes
   844 | D:1      | 844 ||| UPGRADING to +0 pair of boots.
   849 | D:1      | 849 ||| UPGRADING to +0 pair of gloves.
   854 | D:1      | 854 ||| UPGRADING to ring of resist corrosion.
   855 | D:1      | 855 ||| READING scroll labelled ROMNAI QIYTZI.
   856 | D:1      | 856 ||| READING 5 scrolls labelled XOSCHO ROTANNIX.
   857 | D:1      | 857 ||| READING scroll labelled FUGREA SODGHIA.
   858 | D:1      | 858 ||| READING scroll labelled BAPAPP YCEKUER.
   859 | D:1      | 859 ||| DRINKING 2 bubbling yellow potions.
   916 | D:2      | 916 ||| DROPPING +0 whip.
  1107 | D:2      | Reached XP level 3. HP: 19/23 MP: 3/3
  1349 | D:2      | Identified the +5 ring mail of Joy {SInv}
  1726 | D:2      | 1726 ||| UPGRADING to +0 chain mail.
  1736 | D:2      | 1736 ||| DROPPING +0 scale mail.
  1737 | D:2      | 1737 ||| UPGRADING to +5 ring mail of Joy {SInv}.
  1747 | D:2      | 1747 ||| UPGRADING to +0 helmet.
  1752 | D:2      | 1752 ||| READING scroll labelled VEITIA OBUX.
  1753 | D:2      | 1753 ||| READING 7 scrolls of identify.
  1753 | D:2      | 1753 ||| IDENTIFYING glowing golden potion
  1754 | D:2      | 1754 ||| DROPPING potion of ambrosia.
  1802 | D:3      | 1802 ||| Stepping ~*~*~tactically~*~*~ (hiding).
  1993 | D:3      | Reached XP level 4. HP: 28/28 MP: 4/4
  2129 | D:3      | You fall into a shaft and drop 2 floors!
  2129 | D:5      | Entered Level 5 of the Dungeon
  2130 | D:5      | 2130 ||| READING 2 scrolls labelled WAK JYUBOPP.
  2131 | D:5      | 2131 ||| READING scroll labelled JEFEJO DOUTAT.
  2132 | D:5      | 2132 ||| READING scroll labelled NIBYNE GADAZO.
  2140 | D:5      | Reached skill level 1 in Throwing
  2141 | D:5      | Reached skill level 4 in Axes
  2141 | D:5      | Reached XP level 5. HP: 29/32 MP: 5/5
  2152 | D:5      | 2152 ||| DROPPING scroll of immolation.
  2167 | D:4      | 2167 ||| Stepping ~*~*~tactically~*~*~ (stealth).
  2168 | D:4      | 2168 ||| Stepping ~*~*~tactically~*~*~ (stealth).
  2178 | D:4      | 2178 ||| Stepping ~*~*~tactically~*~*~ (stealth).
  2310 | D:4      | 2310 ||| READING 6 scrolls of identify.
  2310 | D:4      | 2310 ||| IDENTIFYING bubbling clear potion
  2319 | D:4      | Found Hesiox's Antique Weapon Boutique.
  2536 | D:3      | 2536 ||| Stepping ~*~*~tactically~*~*~ (hiding).
  2677 | D:3      | Reached skill level 5 in Axes
  3029 | D:3      | 3029 ||| UPGRADING to scarf of repulsion.
  3034 | D:3      | 3034 ||| DRINKING 2 bubbling grey potions.
  3035 | D:3      | 3035 ||| READING 6 scrolls of identify.
  3035 | D:3      | 3035 ||| IDENTIFYING fizzy clear potion
  3083 | D:4      | 3083 ||| Stepping ~*~*~tactically~*~*~ (stealth).
  3090 | D:4      | 3090 ||| FLEEEEING.
  3091 | D:4      | 3091 ||| FLEEEEING.
  3092 | D:4      | 3092 ||| FLEEEEING.
  3139 | D:4      | 3139 ||| Stepping ~*~*~tactically~*~*~ (hiding).
  3290 | D:4      | Reached skill level 1 in Dodging
  3301 | D:4      | Reached XP level 6. HP: 37/37 MP: 6/6
  3308 | D:4      | Identified the +1 leather armour of Nauwn {rPois Str-2
                  | Dex+5}
  3313 | D:4      | 3313 ||| BUYING morningstar (96 gold).
  3313 | D:4      | Bought a morningstar for 96 gold pieces
  3313 | D:4      | 3313 ||| DROPPING +0 mace.
  3314 | D:4      | 3314 ||| DROPPING +0 antimagic mace.
  3422 | D:4      | Noticed Menkaure
  3423 | D:4      | 3423 ||| Stepping ~*~*~tactically~*~*~ (hiding).
  3430 | D:4      | Killed Menkaure
  3450 | D:4      | Killed from afar by an orc priest

Levels and vault maps discovered:
D:1:      dpeg_arrival_refuge, layout_basic, ebering_ecumenical_altar_rust,
          minmay_tiny_reverse_x
D:2:      layout_basic
D:3:      layout_basic
D:4:      layout_loops_ring, serial_shops, shop, uniq_menkaure,
          uniq_crazy_yiuf_cottage
D:5:      layout_layer_cave, kennysheep_mini, serial_shops,
          nicolae_shop_pleasant_corner_grove

Skill      XL: |  1  2  3  4  5  6 |
---------------+-------------------+-----
Axes           | 2 3 4 5 |  5.0
Throwing       | 1 |  1.3
Dodging        | 1 |  1.0
Fighting       | 4 |  4.7
Armour         | |  3.2
Shields        | |  3.2

Action                     |  1- 3 |  4- 6 || total
---------------------------+-------+-------++-------
  Melee: War axe           |   122 |    99 ||   221
  Throw: Javelin           |       |     9 ||     9
    Use: Scroll            |     6 |     5 ||    11
         Potion            |     1 |     1 ||     2
 Armour: Scale mail        |    56 |       ||    56
         Ring mail         |     3 |    44 ||    47
  Dodge: Dodged            |    42 |    39 ||    81
  Block: Buckler           |    18 |    17 ||    35

Table legend:
 A = Non-vault XP
 B = Vault XP
 C = Vault XP percentage of total XP
 D = Non-vault monster count
 E = Vault monster count
 F = Vault count percentage of total count
                 A         B        C        D         E       F
            +---------+---------+-------+---------+---------+-------
      Total |     345 |     160 |  31.7 |      64 |       3 |   4.5
            +---------+---------+-------+---------+---------+-------
        D:1 |      27 |       3 |  10.0 |      16 |       2 |  11.1
        D:2 |      45 |       0 |   0.0 |      12 |       0 |   0.0
        D:3 |      27 |       0 |   0.0 |      12 |       0 |   0.0
        D:4 |     164 |     157 |  48.9 |      22 |       1 |   4.3
        D:5 |      82 |       0 |   0.0 |       2 |       0 |   0.0
            +---------+---------+-------+---------+---------+-------
